 Dungeon Crawl Stone Soup version 0.29.1-1-gd02db6906a (webtiles) character file.

Game seed: 7974775887097120921

25 Demigod47 the Trooper (level 2, 0/26 HPs)
             Began as a Demonspawn Abyssal Knight on Oct 7, 2022.
             Was a Believer of Lugonu.
             Slain by a quokka (2 damage)
             ... on level 3 of the Dungeon.
             The game lasted 00:04:37 (921 turns).

Demigod47 the Trooper (Demonspawn Abyssal Knight)    Turns: 921, Time: 00:04:38

Health: 0/26       AC:  3    Str: 13    XL:     2   Next: 82%
Magic:  3/3        EV: 11    Int: 11    God:    Lugonu [**....]
Gold:   46         SH:  0    Dex: 13    Spells: 1/1 levels left

rFire   . . .      SeeInvis .   a - +1 falchion
rCold   . . .      Faith    .   (no shield)
rNeg    . . .      Spirit   .   b - +0 leather armour
rPois   .          Reflect  .   (no helmet)
rElec   .          Harm     .   (no cloak)
rCorr   +          Rampage  .   (no gloves)
Will    .....                   (no boots)
Stlth   +.........              f - amulet of the acrobat
HPRegen 0.08/turn               j - ring of resist corrosion
MPRegen 0.16/turn               (no ring)

@: no status effects
A: magic regeneration, robust 1, wild magic 1
a: Renounce Religion, Depart the Abyss, Bend Space


You were on level 3 of the Dungeon.
You worshipped Lugonu.
Lugonu was pleased with you.
You visited 1 branch of the dungeon, and saw 3 of its levels.
You visited the Abyss 1 time.

You collected 46 gold pieces.

Inventory:

Hand Weapons
 a - a +1 falchion (weapon)
Armour
 b - a +0 leather armour (worn)
Jewellery
 f - an amulet of the acrobat (around neck)
 j - a ring of resist corrosion (left hand)
Scrolls
 c - a scroll of blinking {unknown}
 g - a scroll of torment {unknown}
 i - a scroll of identify {unknown}
Potions
 e - a potion of magic {unknown}
 h - a potion of degeneration {unknown}


   Skills:
 + Level 3.4 Fighting
 + Level 2.4 Long Blades
 + Level 1.9 Armour
 + Level 1.0 Dodging
 + Level 2.5 Invocations


You had one spell level left.
You didn't know any spells.
Your spell library was empty.

Dungeon Overview and Level Annotations

Branches:
Dungeon (3/15)

Altars:


Innate Abilities, Weirdness & Mutations

You regenerate magic rapidly.
You are robust. (+10% HP)
Your spells are a little harder to cast, but a little more powerful.


Message History

You kill the bat!
Lugonu accepts your kill. The quokka bites you.
* * * LOW HITPOINT WARNING * * *
Your Dodging skill increases to level 1!
You barely miss the quokka.
A jackal comes into view.
The quokka bites you but does no damage.
You closely miss the ball python. The quokka barely misses you.
The ball python barely misses you. The ball python grabs you.
The ball python constricts you. The quokka barely misses you.
Space bends violently around you!
You escape the ball python's grasp.
You blink.
Okay, then.
The goblin attacks as you move away! The goblin hits you with a +0 dagger.
* * * LOW HITPOINT WARNING * * *
The goblin attacks as you move away! The goblin misses you.
An adder comes into view.
The adder closely misses you. The goblin hits you but does no damage.
The adder completely misses you. The adder attacks as you move away!
The adder completely misses you. The goblin completely misses you.
The quokka bites you but does no damage.
The quokka bites you.
* * * LOW HITPOINT WARNING * * *
The quokka attacks as you move away! The quokka closely misses you.
The adder hisses angrily.
The adder closely misses you. The quokka completely misses you.
The adder misses you.
There is a stone staircase leading down here.
The quokka bites you but does no damage.
The adder misses you. The goblin misses you.
You climb downwards.
Found 7 gold pieces.
There is a stone staircase leading up here.
It was a potion of mutation.
You feel extremely strange.
You feel less in control of your magic.
You feel robust. The quokka closely misses you. The adder closely misses you.
The goblin hits you but does no damage. The quokka bites you.
You die...

###
..#
#.#
#g###
#@S.#
##r.#
..#
..#
..$
...#
....
....#


You could see an adder, a quokka and a goblin.

Vanquished Creatures
  2 dart slugs (D:1)
  2 ball pythons (D:1)
  2 bats
  2 endoplasms (D:1)
  3 giant cockroaches
  3 hobgoblins (D:1)
  3 frilled lizards (D:1)
  A goblin (D:1)
  A kobold (D:1)
19 creatures vanquished.

Notes
Turn   | Place    | Note
-------+----------+-------------------------------------------
     0 | Abyss:1  | Demigod47 the Demonspawn Abyssal Knight began the quest for
                  | the Orb.
     0 | Abyss:1  | Reached XP level 1. HP: 18/18 MP: 2/2
     3 | D:1      | Escaped the Abyss
   164 | D:1      | Gained mutation: You regenerate magic rapidly. [demonic
                  | ancestry]
   164 | D:1      | Reached XP level 2. HP: 22/24 MP: 3/3
   909 | D:2      | Reached skill level 1 in Dodging
   921 | D:3      | Gained mutation: Your spells are a little harder to cast,
                  | but a little more powerful. [potion of mutation]
   921 | D:3      | Gained mutation: You are robust. (+10% HP) [potion of
                  | mutation]
   921 | D:3      | Slain by a quokka

Illustrated notes

Levels and vault maps discovered:
D:1:      erik_arrival_blinker_ship, layout_basic, nicolae_figureground_pulse
D:2:      layout_basic, hellmonk_ecumenical_altar_arch_garden,
          minmay_fractal_squares_gapless_5
D:3:      layout_basic, dreamdust_princess_corridor,
          amcnicky_mini_corridor_feature, minmay_misc_feat_five, uniq_natasha

Skill      XL: |  1  2 |
---------------+-------+-----
Long Blades    | 2 |  2.4
Dodging        | 1 |  1.0
Fighting       | |  3.4
Armour         | |  1.9
Invocations    | |  2.5

Action                   || total
-------------------------++-------
Melee: Falchion          ||    58
       Punch             ||     1
Invok: Bend Space        ||     1
  Use: Potion            ||     1
Armor: Leather armour    ||    25
Dodge: Dodged            ||    74
